 Dungeon Crawl Stone Soup version 0.27.1-3-gb3d3a73c9e (webtiles) character file.

Game seed: 318885408430139665

2664 Crownlay the Geomancer (level 9, -1/45 HPs)
             Began as a Gargoyle Earth Elementalist on Oct 17, 2021.
             Killed by divine providence
             ... invoked by an orc priest
              (12 damage)
             ... on level 7 of the Dungeon.
             The game lasted 00:14:49 (9153 turns).

Crownlay the Geomancer (GrEE)                       Turns: 9153, Time: 00:14:50

Health: -1/45      AC: 12    Str: 13    XL:     9   Next: 63%
Magic:  4/20       EV: 11    Int: 21    God:
Gold:   334        SH:  0    Dex: 10    Spells: 18/22 levels left

rFire    . . .     SeeInvis .   p - +3 morningstar
rCold    + + .     Faith    .   (no shield)
rNeg     + . .     Spirit   .   b - +0 robe
rPois    ∞         Reflect  .   B - +1 helmet {Int+3}
rElec    +         Harm     .   C - +0 cloak
rCorr    .         Rampage  .   (no gloves)
Will     .....                  m - +0 pair of boots
Stlth    ++........             (no amulet)
HPRegen  0.15/turn              h - ring of protection from cold
MPRegen  0.17/turn              i - ring of protection from cold

@: no status effects
A: sickness immunity, AC +6, negative energy resistance 1, electricity
resistance, torment resistance 1, petrification resistance
a: no special abilities


You were on level 7 of the Dungeon.
You visited 1 branch of the dungeon, and saw 7 of its levels.
You also visited: Sewer.

You collected 334 gold pieces.

Inventory:

Hand Weapons
 p - a +3 morningstar (weapon)
Missiles
 c - 84 stones
Armour
 b - a +0 robe (worn)
 m - a +0 pair of boots (worn)
 B - a +1 helmet of intelligence (worn)
 C - a +0 cloak (worn)
Magical Staves
 z - a staff of fire
Jewellery
 h - a ring of protection from cold (left hand)
 i - a ring of protection from cold (right hand)
Wands
 s - a wand of charming (6)
 t - a wand of paralysis (10)
 u - a wand of digging (2)
Scrolls
 a - 2 scrolls of blinking
 d - 2 scrolls of vulnerability
 k - 4 scrolls of identify
 l - a scroll of torment
 o - 2 scrolls of acquirement
 r - 5 scrolls of teleportation
 w - a scroll of amnesia {unknown}
 y - a scroll of fog {unknown}
 A - a scroll of magic mapping {unknown}
Potions
 e - a potion of resistance {unknown}
 f - 2 potions of brilliance {unknown}
 g - 2 potions of invisibility {unknown}
 j - 7 potions of curing {unknown}
 n - a potion of ambrosia {unknown}
 q - a potion of heal wounds {unknown}
 v - a potion of might
 x - a potion of degeneration {unknown}


   Skills:
 - Level 1.5 Dodging
 - Level 2.1 Stealth
 + Level 7.4 Spellcasting
 - Level 4.0 Conjurations
 + Level 4.2 Necromancy
 - Level 0.7 Transmutations
 - Level 10.0 Earth Magic


You had 18 spell levels left.
You knew the following spells:

 Your Spells              Type           Power      Damage    Failure   Level
a - Sandblast             Erth           98%        2d20      1%          1
b - Stone Arrow           Conj/Erth      74%        3d11      1%          3

Your spell library contained the following spells:

 Spells                   Type           Power      Damage    Failure   Level
 Passwall                 Tmut/Erth      25%        N/A       1%          2
 Vampiric Draining        Necr           12%        2d7       4%          3
 Summon Small Mammal      Summ           28%        N/A       9%          1
 Petrify                  Tmut/Erth      30%        N/A       10%         4
 Slow                     Hex            7%         N/A       13%         2
 Call Canine Familiar     Summ           7%         N/A       26%         3
 Confusing Touch          Hex            7%         N/A       26%         3
 Ozocubu's Armour         Ice            7%         N/A       26%         3
 Portal Projectile        Hex/Tloc       14%        N/A       26%         3
 Summon Guardian Golem    Hex/Summ       7%         N/A       26%         3
 Excruciating Wounds      Necr           12%        N/A       38%         5
 Blade Hands              Tmut           5%         N/A       87%         5
 Ozocubu's Refrigeration  Ice            3%         4d5       100%        7
 Borgnjor's Revivificati  Necr           12%        N/A       100%        8
 Necromutation            Tmut/Necr      9%         N/A       100%        8
 Death's Door             Necr           12%        N/A       100%        9


Dungeon Overview and Level Annotations

Branches:
Dungeon (7/15)              Sewer (visited)
 Temple: D:4-7

Altars:
Gozag
Hepliaklqana
Xom

Shops:
D:5 ?[[:


Innate Abilities, Weirdness & Mutations

You are immune to sickness and miasma.
Your stone body is resilient. (AC +6)
You are immune to poison.
You resist negative energy. (rN+)
You are resistant to electric shocks. (rElec)
You are resistant to unholy torment.
You are immune to petrification.


Message History

Confirm with . or Enter, or press ? or * to list all spells.
You can't see any susceptible monsters within range! (Use Z to cast anyway.) Unknown command.
Casting: Stone Arrow (safe; 1% risk of failure)
Confirm with . or Enter, or press ? or * to list all spells.
Aiming: Stone Arrow (safe; 1% risk of failure)
Press: ? - help, Shift-Dir - straight line, f - orc
Aim: an orc, wielding a +0 hand axe (74% to hit)
The stone arrow hits the orc!
You kill the orc!
You hear a shout!
An orc priest comes into view. It is wielding a +1 vorpal war axe.
You hear a shout! x2
Casting: Stone Arrow (safe; 1% risk of failure)
Confirm with . or Enter, or press ? or * to list all spells.
You don't have enough magic to cast this spell.
Unknown command.
You start resting.
An orc priest is nearby!
The orc priest barely misses you.
You hit the orc priest.
The orc priest is lightly wounded.
The orc priest closely misses you. The orc priest completely misses you.
You hit the orc priest.
The orc priest is heavily wounded.
The orc priest barely misses you.
You hit the orc priest.
The orc priest is almost dead.
The orc priest completely misses you.
The orc priest calls down the wrath of Beogh upon you.
Beogh smites you!
* * * LOW HITPOINT WARNING * * *
You barely miss the orc priest.
The orc priest is almost dead.
The orc priest barely misses you.
You closely miss the orc priest.
The orc priest is almost dead.
The orc priest invokes the aid of Beogh against you.
Beogh smites you!
You die...

###
#.#################
#.@................
#o#################
#.# #. #.# #. #.#
#. #)# #. #)# #.
#)#
######.####)#######


You could see an orc priest.

Vanquished Creatures
  A wyvern (D:7)
  A steam dragon (D:6)
  A hornet zombie (D:7)
  3 orc warriors
  An ice beast (D:6)
  A black bear (D:6)
  4 ogres
  A kobold brigand (D:7)
  2 bullfrogs
  A wyvern skeleton (D:7)
  2 howler monkeys (D:5)
  4 wights
  A bullfrog zombie (D:6)
  3 centaur zombies
  2 hounds
  Crazy Yiuf (D:6)
  An orc priest (D:6)
  A centaur skeleton (D:5)
  4 iguanas
  3 orc wizards
  A hound skeleton (D:2)
  3 gnolls (D:5)
  7 adders
  A howler monkey skeleton (D:5)
  5 worms
  26 orcs
  3 endoplasms
  11 giant cockroaches
  5 goblins
  6 hobgoblins
  2 jackals (D:4)
  6 kobolds
  4 quokkas
  9 ball pythons
  4 bats
  9 frilled lizards
  4 rats
144 creatures vanquished.

Notes
Turn   | Place    | Note
-------+----------+-------------------------------------------
     0 | D:1      | Crownlay the Gargoyle Earth Elementalist began the quest
                  | for the Orb.
     0 | D:1      | Reached XP level 1. HP: 10/10 MP: 3/3
   152 | D:1      | Found a faded altar of an unknown god.
   376 | D:1      | Reached skill level 4 in Earth Magic
   376 | D:1      | Reached XP level 2. HP: 15/15 MP: 1/5
  1366 | D:2      | Reached XP level 3. HP: 3/19 MP: 5/7
  2144 | D:2      | Learned a level 3 spell: Stone Arrow
  2378 | D:2      | Reached XP level 4. HP: 10/24 MP: 3/8
  2886 | D:3      | Reached skill level 5 in Earth Magic
  3233 | D:3      | Reached XP level 5. HP: 28/28 MP: 4/10
  3780 | D:3      | Reached skill level 6 in Earth Magic
  3780 | D:3      | Reached XP level 6. HP: 24/32 MP: 8/12
  3895 | D:3      | Found an opulent altar of Gozag.
  4819 | D:4      | Reached skill level 1 in Conjurations
  5074 | D:4      | Identified a scroll of acquirement
  5093 | D:5      | Entered Level 5 of the Dungeon
  5111 | D:5      | Found a shimmering altar of Xom.
  5111 | D:5      | Found a shimmering altar of Xom.
  5112 | D:5      | Found a shimmering altar of Xom.
  5112 | D:5      | Found a shimmering altar of Xom.
  5112 | D:5      | Found a shimmering altar of Xom.
  5115 | D:5      | Found a shimmering altar of Xom.
  5115 | D:5      | Found a shimmering altar of Xom.
  5223 | D:5      | Reached skill level 7 in Earth Magic
  5223 | D:5      | Reached XP level 7. HP: 22/36 MP: 0/13
  5317 | D:5      | Found a glowing drain.
  5342 | Sewer    | Entered a sewer
  6424 | D:5      | Found Deyt's Book Shop.
  6478 | D:5      | Reached skill level 5 in Spellcasting
  6478 | D:5      | Reached skill level 8 in Earth Magic
  6691 | D:5      | Reached XP level 8. HP: 13/41 MP: 4/15
  6930 | D:5      | Found Sonuje's Armour Emporium.
  7000 | D:5      | Found Yhathrugu's Antique Armour Shoppe.
  7071 | D:5      | Found Riorerih's Magic Scroll Emporium.
  7394 | D:6      | Reached skill level 9 in Earth Magic
  7843 | D:6      | Reached skill level 1 in Necromancy
  8175 | D:6      | Identified the +4 chain mail "Dekimmaf" {Int+2}
  8317 | D:6      | Found a runed translucent door.
  8318 | D:6      | Noticed Crazy Yiuf
  8324 | D:6      | Killed Crazy Yiuf
  8489 | D:6      | Reached skill level 10 in Earth Magic
  8489 | D:6      | Reached XP level 9. HP: 45/45 MP: 16/18
  8612 | D:6      | Found a faded altar of an unknown god.
  8612 | D:6      | Found a faded altar of an unknown god.
  8614 | D:6      | Found a hazy altar of Hepliaklqana.
  9153 | D:7      | Killed from afar by an orc priest

Illustrated notes

Levels and vault maps discovered:
D:1:      eino_arrival_cavern_a, layout_rooms, dreamdust_ecumenical_altar_grove,
          lemuel_another_geyser
D:2:      layout_loops_corners
D:3:      layout_loops_cross, grunt_gozag_breadcrumbs
D:4:      layout_gridville, kennysheep_small_square
D:5:      layout_loops_ring, nicolae_xom_altar_mimics, gup_sewer_entry_glass,
          serial_shops, nicolae_shop_stone, nicolae_shop_statue_plus, shop,
          nicolae_square_shop, kennysheep_generic_room_5
D:6:      layout_gridville, nicolae_hepliaklqana_ecumenical_no_more,
          uniq_crazy_yiuf_cottage
D:7:      layout_basic, gammafunk_temple_overflow_elements, vehumet_statue,
          minmay_temple_entry_offerings, serial_shops, nicolae_stop_n_shop_2,
          amethyst_killhole, grunt_decor_mini_mirrors

Skill      XL: |  1  2  3  4  5  6  7  8  9 |
---------------+----------------------------+-----
Earth Magic    | 4 5 6 7 8 10 | 10.0
Spellcasting   | 3 4 5 6 7 |  7.4
Conjurations   | 1 3 4 |  4.0
Necromancy     | 2 4 |  4.2
Dodging        | |  1.5
Stealth        | |  2.1
Transmutations | |  0.7

Action                   |  1- 3 |  4- 6 |  7- 9 || total
-------------------------+-------+-------+-------++-------
Melee: Unarmed           |    20 |       |       ||    20
       Dagger            |   100 |    38 |       ||   138
       Morningstar       |       |    29 |    66 ||    95
 Cast: Sandblast         |    28 |    51 |   109 ||   188
       Stone Arrow       |       |       |    18 ||    18
  Use: Scroll            |       |     5 |       ||     5
 Stab: Sleeping          |     1 |     3 |       ||     4
Armor: Robe              |    54 |    38 |    63 ||   155
Dodge: Dodged            |    95 |    61 |    97 ||   253
